 Dungeon Crawl Stone Soup version 0.28.0-43-g3370ac3207 (webtiles) character file.

Game seed: 10726556580458095417

1 croobank the Firebug (level 1, -1/13 HPs)
             Began as a Gnoll Fire Elementalist on Mar 16, 2022.
             Slain by a jackal (2 damage)
             ... on level 1 of the Dungeon.
             The game lasted 00:00:33 (124 turns).

croobank the Firebug (Gnoll Fire Elementalist)       Turns: 124, Time: 00:00:33

Health: -1/13      AC:  2    Str:  7    XL:     1   Next: 20%
Magic:  4/6        EV: 13    Int: 14    God:
Gold:   4          SH:  0    Dex: 12    Spells: 8/9 levels left

rFire   . . .      SeeInvis .   (no weapon)
rCold   . . .      Faith    .   (no shield)
rNeg    . . .      Spirit   .   a - +0 robe
rPois   .          Reflect  .   (no helmet)
rElec   .          Harm     .   (no cloak)
rCorr   .          Rampage  .   (no gloves)
Will    .....                   (no boots)
Stlth   ++........              (no amulet)
HPRegen 0.04/turn               (no ring)
MPRegen 0.10/turn               (no ring)

@: weak-willed
A: fangs 1, strong nose, distributed training
a: no special abilities


You were on level 1 of the Dungeon.
You visited 1 branch of the dungeon, and saw 1 of its levels.

You collected 4 gold pieces.

Inventory:

Armour
 a - a +0 robe (worn)


   Skills:
 + Level 0.0 Fighting
 + Level 0.0 Short Blades
 + Level 0.0 Long Blades
 + Level 0.0 Axes
 + Level 0.0 Maces & Flails
 + Level 0.0 Polearms
 + Level 0.0 Staves
 + Level 0.0 Slings
 + Level 0.0 Bows
 + Level 0.0 Crossbows
 + Level 0.0 Throwing
 + Level 0.0 Armour
 + Level 4.4 Dodging
 + Level 4.0 Stealth
 + Level 0.0 Shields
 + Level 0.0 Unarmed Combat
 + Level 4.8 Spellcasting
 + Level 1.9 Conjurations
 + Level 0.0 Hexes
 + Level 0.0 Summonings
 + Level 0.0 Necromancy
 + Level 0.0 Translocations
 + Level 0.0 Transmutations
 + Level 5.3 Fire Magic
 + Level 0.0 Ice Magic
 + Level 0.0 Air Magic
 + Level 0.0 Earth Magic
 + Level 0.0 Poison Magic
 + Level 0.0 Invocations
 + Level 0.0 Evocations


You had 8 spell levels left.
You knew the following spells:

 Your Spells              Type           Power      Damage    Failure   Level
a - Foxfire               Conj/Fire      52%        2x1d6     4%          1

Your spell library contained the following spells:

 Spells                   Type           Power      Damage    Failure   Level
 Scorch                   Fire           36%        2d7       3%          2
 Conjure Flame            Conj/Fire      13%        6-21      12%         3
 Inner Flame              Hex/Fire       10%        N/A       19%         3
 Flame Wave               Conj/Fire      13%        2d6       36%         4


Dungeon Overview and Level Annotations

Branches:
Dungeon (1/15)

Altars:


Innate Abilities, Weirdness & Mutations

You have very sharp teeth.
Your uncanny sense of smell can sniff out nearby items.
Your experience applies equally to all skills.


Message History

The jackal is heavily wounded.
The jackal bites you. The jackal closely misses you. x2
You closely miss the jackal. You punch the jackal.
The jackal is almost dead.
The jackal bites you. The jackal barely misses you.
You completely miss the jackal.
The jackal is almost dead.
The jackal bites you. The jackal closely misses you. The jackal bites you.
You hit the jackal but do no damage.
The jackal is almost dead.
The jackal completely misses you. x2; The jackal misses you.
You barely miss the jackal. You bite the jackal, but do no damage.
The jackal is almost dead.
The jackal misses you. x2; The jackal barely misses you.
You barely miss the jackal. You bite the jackal, but do no damage.
The jackal is almost dead.
The jackal bites you.
* * * LOW HITPOINT WARNING * * *
The jackal closely misses you. x2
As you read the scroll labelled SOIZXU UTILU, it crumbles to dust.
Magic quickly surges around you.
It was a scroll of vulnerability.
The jackal barely misses you. x2
You closely miss the jackal. Your bite misses the jackal.
The jackal is severely wounded.
The jackal closely misses you.
The jackal bites you but does no damage. x2
You hit the jackal but do no damage.
The jackal is severely wounded.
The jackal bites you.
* * * LOW HITPOINT WARNING * * *
The jackal barely misses you. x2
You barely miss the jackal.
The jackal is severely wounded.
The jackal closely misses you.
The jackal bites you but does no damage.
The jackal misses you.
You hit the jackal but do no damage.
The jackal is severely wounded.
The jackal bites you.
You die...

#### ####### #.>
#.....# #.#
##.....#####.#####
...............h@#
##.....#####.###h#
#.....# #....h..
##..>## #####.###
##.## #.# #.# #.#
#.# #.# #+# #.#


You could see 3 jackals.

Vanquished Creatures
  A jackal (D:1)
1 creature vanquished.

Vanquished Creatures (others)
  2 foxfires (D:1)
2 creatures vanquished.

Grand Total: 3 creatures vanquished

Notes
Turn   | Place    | Note
-------+----------+-------------------------------------------
     0 | D:1      | croobank the Gnoll Fire Elementalist began the quest for
                  | the Orb.
     0 | D:1      | Reached XP level 1. HP: 13/13 MP: 6/6
   124 | D:1      | Slain by a jackal

Illustrated notes

Levels and vault maps discovered:
D:1:      sevenhm_arrival_forest_fort_small_5, layout_loops_corners

Action                   || total
-------------------------++-------
Melee: Unarmed           ||    12
       Bite              ||     3
       Punch             ||     1
 Cast: Foxfire           ||     3
  Use: Scroll            ||     1
Armor: Robe              ||     4
Dodge: Dodged            ||    25
